 Dungeon Crawl Stone Soup version 0.24.0-1-gfbc8707 (webtiles) character file.

Game seed: 10368312993943095928, levelgen mode: deterministic

213 Fang the Skirmisher (level 5, -7/34 HPs)
             Began as a Gargoyle Berserker on Oct 29, 2019.
             Was a Believer of Trog.
             Mangled by Sigmund
             ... wielding a +0 scythe
              (9 damage)
             ... on level 4 of the Dungeon.
             The game lasted 00:02:58 (2299 turns).

Fang the Skirmisher (Gargoyle Berserker)            Turns: 2299, Time: 00:02:59

Health: -7/34      AC:  6    Str: 21    XL:     5   Next: 90%
Magic:  5/5        EV: 16    Int:  8    God:    Trog [**....]
Gold:   163        SH:  0    Dex:  9    Spells: 4/4 levels left

rFire    + . .     SeeInvis .   a - +0 war axe
rCold    + . .     Gourm    .   (no shield)
rNeg     + . .     Faith    .   b - +0 animal skin
rPois    ∞         Spirit   .   (no helmet)
rElec    +         Reflect  .   h - scarf {rC+ rF+}
rCorr    .         Harm     .   (no gloves)
MR       +++..                  (no boots)
Stlth    +.........             (no amulet)
HPRegen  1.11/turn              e - +4 ring of evasion
MPRegen  0.09/turn              m - ring of protection from magic

@: berserk cooldown, regenerating, slowed, very slow
A: negative energy resistance 1, electricity resistance, unbreathing,
petrification resistance, rot immunity, AC +4
a: Berserk, Trog's Hand, Renounce Religion


You were on level 4 of the Dungeon.
You worshipped Trog.
Trog was pleased with you.
You were near starving.

You visited 1 branch of the dungeon, and saw 4 of its levels.

You collected 163 gold pieces.

Inventory:

Hand Weapons
 a - a +0 war axe (weapon)
Armour
 b - a +0 animal skin (worn)
 h - a scarf of resistance (worn)
Jewellery
 e - a +4 ring of evasion (left hand)
 m - a ring of protection from magic (right hand)
 r - a +2 ring of intelligence
Scrolls
 i - 2 scrolls of enchant armour {unknown}
 l - a scroll of blinking {unknown}
 n - 6 scrolls of identify {unknown}
 o - a scroll of fear {unknown}
 p - 3 scrolls of teleportation {unknown}
 q - 2 scrolls of enchant weapon {unknown}
 t - a scroll of amnesia {unknown}
Potions
 d - 2 potions of flight {unknown}
 f - a potion of might
 g - 2 potions of curing {unknown}
 j - a potion of haste {unknown}
 k - a potion of lignification {unknown}
 u - a potion of heal wounds {unknown}
Comestibles
 c - 4 rations


   Skills:
 * Level 4.5 Fighting
 * Level 3.7 Axes
 + Level 3.6 Armour
 + Level 2.7 Dodging


You had 4 spell levels left.
You didn't know any spells.
Your spell library was empty.

Dungeon Overview and Level Annotations

Branches:
Dungeon (4/15)
 Temple: D:4-7

Altars:
Makhleb

Annotations:
D:4 Sigmund


Innate Abilities, Weirdness & Mutations

You are resistant to torment.
Your stone body is resilient. (AC +4)
You are immune to poison.
You resist negative energy. (rN+)
You are resistant to electric shocks. (rElec)
You can survive without breathing.
You are immune to petrification.
You are immune to rotting.


Message History

You slice something!! Something hits you!
You barely miss something. Something hits you but does no damage.
You miss something.
You are no longer berserk.
You pass out from exhaustion.
You feel yourself slow down.
You hear some strange, mumbled words.
Something tries to affect you, but you resist.
You can move again.
Unknown command.
Unknown command.
Your skin crawls.
You feel resistant to hostile enchantments.
You are near starving!
You hear some strange, mumbled words.
A puff of flame appears from out of thin air!
The puff of flame hits you. You resist. Something hits you!
* * * LOW HITPOINT WARNING * * *
Something hits you!
You die...

#..#
#..
#..
#..
#.#
#.#
#{#
#.#
#@#
#.####
##
#....#
#.
####.#
#. #.#
#. #.#
#. #.#
#. #.#
#. #.#
#.


There were no monsters in sight!

Vanquished Creatures
  An orc priest (D:3)
  An orc wizard (D:3)
  A worker ant (D:3)
  Robin (D:2)
  4 adders
  An ooze (D:1)
  A worm (D:3)
  A dart slug (D:3)
  2 leopard geckos
  8 orcs (D:3)
  6 bats
  6 giant cockroaches
  9 goblins
  10 hobgoblins
  2 quokkas
  A ball python (D:1)
  A frilled lizard (D:3)
  A jackal skeleton (D:4)
  6 kobolds
  5 rats
68 creatures vanquished.

Notes
Turn   | Place    | Note
-------+----------+-------------------------------------------
     0 | D:1      | Fang the Gargoyle Berserker began the quest for the Orb.
     0 | D:1      | Reached XP level 1. HP: 14/14 MP: 1/1
     1 | D:1      | Found a burning altar of Makhleb.
   124 | D:1      | Reached XP level 2. HP: 16/19 MP: 2/2
   552 | D:1      | Reached XP level 3. HP: 22/23 MP: 3/3
   902 | D:2      | Noticed Robin
   908 | D:2      | Reached ** piety under Trog
   913 | D:2      | Killed Robin
  1199 | D:2      | Reached XP level 4. HP: 23/29 MP: 4/4
  1573 | D:3      | Reached skill level 4 in Fighting
  1620 | D:3      | Reached XP level 5. HP: 16/33 MP: 5/5
  2271 | D:4      | Noticed Sigmund
  2298 | D:4      | HP: 1/34 [something (11)]
  2299 | D:4      | Mangled by Sigmund

Levels and vault maps discovered:
D:1:      sevenhm_arrival_forest_fort_small_6, layout_rooms, minmay_tromino_v2
D:2:      layout_basic, kennysheep_generic_room_9, uniq_robin
D:3:      layout_basic, first_ration
D:4:      layout_loops_ring, grunt_ministairs_2, minmay_fractal_squares_5,
          uniq_sigmund, uniq_duvessa, uniq_natasha

Skill      XL: |  1  2  3  4 |
---------------+-------------+-----
Axes           | 3 |  3.7
Dodging        | 2 |  2.7
Armour         | 3 |  3.6
Fighting       | 4 |  4.5

Action                   |  1- 3 |  4- 6 || total
-------------------------+-------+-------++-------
Melee: Hand axe          |    88 |    56 ||   144
       War axe           |       |    44 ||    44
Invok: Berserk           |     1 |     2 ||     3
       Trog's Hand       |       |     3 ||     3
 Stab: Sleeping          |     1 |       ||     1
  Eat: Chunk             |     2 |     5 ||     7
Armor: Animal skin       |    32 |    41 ||    73
Dodge: Dodged            |    91 |   131 ||   222
